 Dungeon Crawl Stone Soup version 0.16-a0-702-gf4f471d (webtiles) character file.

113829 FiftyNine the Conjurer (level 16, 0/109 HPs)
             Began as an Octopode Venom Mage on Sept 19, 2014.
             Was an Initiate of Gozag.
             Slain by an eight-headed hydra (12 damage)
             ... on Level 1 of the Swamp on Sept 20, 2014.
             The game lasted 05:13:58 (56694 turns).

FiftyNine the Conjurer (Octopode Venom Mage)       Turns: 56694, Time: 05:13:58

HP   0/109       AC  1     Str  6      XL: 16   Next: 64%
MP  30/39        EV 20     Int 24      God: Gozag
Gold 1948        SH  8     Dex 19      Spells: 12 memorised,  2 levels left

rFire  + . .     SeeInvis .     a - +10 long sword "Moczu Noyq" {flame, rC+}
rCold  . . .     Clarity  .     W - +2 buckler {reflect}
rNeg   + + .     rCorr    .     (helmet restricted)
rPois  .         rRot     .     U - amulet "Skuvin" {+Rage Dex+2 Int+5}
rElec  .         Spirit   .     k - cursed ring of flight
SustAb .         Warding  .     K - ring of positive energy
rMut   .         Rnd*Tele +     M - ring of stealth
Gourm  .                        S - ring of magical power
MR     ++...                    s - ring of positive energy
                                x - ring of regeneration
                                N - ring of protection from magic
                                B - ring of fire

@: lethally poisoned, very slightly contaminated, hasted, repel missiles, very
quick, very resistant to hostile enchantments, extremely stealthy
A: almost no armour, amphibious, 8 rings, constrict 8, camouflage 1, deformed
body, low mp 1, teleportitis 1, weak 1, gelatinous body 1, placid magic 1
a: Potion Petition, Call Merchant, Bribe Branch, Renounce Religion, Evoke
Berserk Rage, Evoke Flight


You were on level 1 of the Swamp.
You worshipped Gozag.
Gozag was noncommittal.
You were not hungry.

You visited 5 branches of the dungeon, and saw 29 of its levels.
You also visited: Labyrinth, Bailey, Ice Cave and Volcano.

You collected 11833 gold pieces.
You spent 2780 gold pieces at shops.
You paid 7105 gold pieces to Gozag.

Inventory:

Hand weapons
 a - the +10 long sword "Moczu Noyq" (weapon) {flame, rC+}
   (You found it in a volcano)

   It emits flame when wielded, causing extra injury to most foes and up to
   double damage against particularly susceptible opponents.
   Big, fiery blades are also staple armaments of hydra-hunters.
   It protects you from cold.
 b - a +0 blowgun
 u - a +3 trident of protection
Missiles
 e - 4 curare-tipped needles
 j - 53 stones (quivered)
 p - 30 poisoned needles
 X - a throwing net
Armour
 W - a +2 buckler of reflection (worn)
Magical devices
 f - a wand of lightning (2)
 g - a wand of digging (8)
 m - a wand of slowing (5)
 v - a wand of polymorph (15)
 A - a wand of paralysis (16)
 G - a wand of enslavement (7)
 O - a wand of paralysis (9)
 T - a wand of confusion (8)
 Y - a wand of frost (11) {unknown}
 Z - a wand of enslavement (5)
Comestibles
 c - 6 bread rations
 h - 5 meat rations
Scrolls
 d - 12 scrolls of teleportation
 i - 2 scrolls of vulnerability
 l - a scroll of magic mapping
 t - 4 scrolls of fog
 y - 3 scrolls of fear
 z - 12 scrolls of remove curse
 C - 2 scrolls of blinking
 H - 9 scrolls of identify
 P - a scroll of holy word
Jewellery
 k - a cursed ring of flight (left tentacle)
 s - a ring of positive energy (on tentacle)
 x - a ring of regeneration (on tentacle)
 B - a ring of fire (on tentacle)
 J - an uncursed amulet of clarity
 K - a ring of positive energy (right tentacle)
 M - a ring of stealth (on tentacle)
 N - a ring of protection from magic (on tentacle)
 S - a ring of magical power (on tentacle)
 U - the amulet "Skuvin" (around mantle) {+Rage Dex+2 Int+5}
   (You found it in a labyrinth)

   [amulet of rage]

   It affects your intelligence (+5).
   It affects your dexterity (+2).
   It lets you go berserk.
Potions
 n - 6 potions of curing
 o - 2 potions of brilliance
 q - 2 potions of restore abilities
 r - 4 potions of might
 w - a potion of flight
 D - a potion of resistance
 E - 2 potions of heal wounds
 F - a potion of haste
 I - 2 potions of agility
 L - a potion of magic
Magical staves
 Q - an uncursed staff of fire
Miscellaneous
 V - a stone of tremors
Rods
 R - a +4 rod of inaccuracy (11/11)
   (You found it in a labyrinth)


   Skills:
 - Level 10.0 Fighting
 + Level 2.6 Long Blades
 - Level 10.0 Dodging
 - Level 11.0 Stealth
 - Level 5.5 Shields
 - Level 11.6 Spellcasting
 - Level 14.0 Conjurations
 - Level 8.0 Charms
 - Level 11.2 Fire Magic
 - Level 6.0 Poison Magic
 - Level 8.1 Evocations


You had 2 spell levels left.
You knew the following spells:

 Your Spells              Type           Power        Failure   Level  Hunger
a - Sting                 Conj/Pois      ####         0%          1    None
b - Mephitic Cloud        Conj/Pois/Air  ####....     1%          3    None
c - Cure Poison           Pois           ####......   1%          2    None
d - Sticky Flame          Conj/Fire      ######..     1%          4    None
e - Bolt of Fire          Conj/Fire      ######....   1%          6    #####..
f - Conjure Flame         Conj/Fire      ######..     0%          3    None
g - Repel Missiles        Chrm/Air       ###...       1%          2    None
h - Shroud of Golubria    Chrm/Tloc      ###.......   1%          2    None
i - Regeneration          Chrm/Necr      ###.......   1%          3    None
j - Swiftness             Chrm/Air       ###.....     1%          2    None
k - Haste                 Chrm           ####....     17%         6    #####..
l - Stoneskin             Trmt/Erth      #.......     4%          2    None


Dungeon Overview and Level Annotations

Branches:
Dungeon (15/15)            Temple (1/1) D:5             Orc (4/4) D:12
    Elf (0/3) Orc:3          Lair (8/8) D:8           Swamp (1/5) Lair:3
 Spider (0/5) Lair:5        Slime (0/6) Lair:8       Vaults (0/5) D:14
 Depths (0/5) D:15

Altars:
Ashenzari
Cheibriados
Dithmenos
Elyvilon
Fedhas
Gozag
Kikubaaqudgha
Makhleb
Nemelex Xobeh
Okawaru
Qazlal
Ru
Sif Muna
Trog
Vehumet
Xom
Yredelemnul
Zin
The Shining One
Beogh

Shops:
D:11 (   D:12 !   D:14 :   D:15 ?   Orc:4 ((([   Vaults:3 =

Portals:
Trove: D:10 (give 14 scrolls of identify)

Annotations:
D:5 exclusions: ice beast and jelly
D:7 Afay's ghost, experienced TrMo; Joseph
D:10 exclusion: oklob sapling
D:14 Azrael
Lair:1 Nergalle
Lair:2 exclusion: black mamba
Lair:3 exclusions: black mamba and spiny frog
Lair:6 exclusion: oklob plant, Snorg
Lair:7 exclusion: fire crab


Innate Abilities, Weirdness & Mutations

You cannot wear most types of armour.
You are amphibious.
You can wear up to eight rings at the same time.
You can use your tentacles to constrict many enemies at once.
Your skin changes colour to match your surroundings (Stealth).
Your rubbery body absorbs attacks (AC +1).
Your body is misshapen.
Your magical capacity is low (-10% MP).
Space occasionally distorts in your vicinity.
You are weak. (Str -2)
Your spells are a little easier to cast, but a little less powerful.


Message History

You feel sick.
Evoke which item? (* to show all) (? for menu, Esc to quit)
Zapping:
Z - a wand of enslavement {zapped: 1}
Press: ? - help, Shift-Dir - straight line, f/p - eight-headed hydra
Aim: an eight-headed hydra (lightly wounded)
The eight-headed hydra easily resists.
You feel sick.
Evoke which item? (* to show all) (? for menu, Esc to quit)
Zapping:
Z - a wand of enslavement {zapped: 2}
Press: ? - help, Shift-Dir - straight line, f/p - eight-headed hydra
Aim: an eight-headed hydra (lightly wounded)
The eight-headed hydra easily resists.
You feel sick.
The eight-headed hydra closely misses you.
The eight-headed hydra bites you!
* * * LOW HITPOINT WARNING * * *
Your shroud falls apart!
The eight-headed hydra bites you!
* * * LOW HITPOINT WARNING * * *
The eight-headed hydra bites you!
You die...
Your body crumbles into a pile of gold.

♣≈.≈......§.≈♣..D.§≈§..
♣♣.≈.♣......♣♣♣♣♣≈....≈
♣...≈≈.....≈♣ ♣♣.....
♣♣..≈....≈♣♣♣♣ ♣..>.≈
♣♣♣...♣≈....♣♣ ♣≈..≈≈
♣≈..♣...≈≈≈♣♣♣≈.≈≈≈
♣♣≈≈≈.......♣♣♣..≈≈
♣♣♣♣D≈≈....≈≈≈.♣♣♣..≈
♣≈..@≈.§≈≈≈≈≈≈.....≈≈
♣....[..≈≈≈≈≈≈.≈§≈.≈≈
♣♣♣......≈≈....≈≈≈....≈
♣.(>≈≈...≈≈....≈≈≈.....
♣♣≈≈.♣♣...≈≈≈≈♣........
♣.≈.♣♣♣♣..≈≈♣♣♣♣♣♣♣...
♣≈..♣ ♣♣≈.≈♣ ♣≈.≈.♣♣♣
♣♣≈♣♣ ♣♣♣♣♣ ♣♣.≈≈♣ ♣♣♣
♣≈.≈♣


You could see an eight-headed hydra.

Vanquished Creatures
  4 vault guards (D:14)
  A minotaur (Lab)
  Fannar (D:14)
  Harold (Lair:8)
  5 hydras
  A ravenous feature mimic (Lair:8)
  6 centaur warriors
  An anaconda (Lair:8)
  10 death yaks
  An alligator (Swamp:1)
  A tengu warrior (D:13)
  5 orc high priests
  A giant orange brain (D:15)
  An orb spider (shapeshifter) (D:15)
  3 unseen horrors
  A swamp dragon (Swamp:1)
  2 ice statues (IceCv)
  Pikel (D:7)
  8 hill giants
  6 orc knights
  A mana viper (shapeshifter) (D:15)
  A lindwurm (shapeshifter) (D:15)
  A lindwurm (Lair:8)
  3 manticores
  14 ugly things
  15 elephants
  5 black mambas
  An orc sorcerer (Orc:4)
  2 cyclopes
  A toenail golem (Volcano)
  An orange demon (Orc:4)
  3 griffons
  8 spiny frogs
  A gargoyle (Volcano)
  Psyche (D:13)
  2 centaur skeletons (D:10)
  9 komodo dragons
  2 molten gargoyles (Volcano)
  A yaktaur (shapeshifter) (D:15)
  An efreet (Volcano)
  4 kobold demonologists
  4 fire drakes
  12 trolls
  2 hydra zombies (D:13)
  5 wandering mushrooms (D:10)
  A polar bear (D:13)
  3 two-headed ogres
  14 slime creatures
  4 baby alligators (Swamp:1)
  A baby alligator (shapeshifter) (D:14)
  3 ravens (D:13)
  23 blink frogs
  A fire dragon zombie (D:15)
  3 boulder beetles
  2 bog bodies (Swamp:1)
  10 basilisks
  A wraith (D:13)
  52 yaks
  A trapdoor spider (D:14)
  3 wyverns
  5 fire elementals
  6 deep elf magi
  2 elf zombies (D:15)
  A hill giant zombie (D:14)
  2 centaur simulacra
  A hill giant skeleton (D:9)
  2 hungry ghosts
  14 vampire mosquitoes
  A steam dragon (D:12)
  7 hippogriffs
  A swamp worm (Swamp:1)
  15 wolves
  2 soldier ants
  11 water moccasins
  2 wargs (D:12)
  5 porcupines
  5 sky beasts
  A mottled dragon (D:15)
  A human skeleton (D:14)
  4 yellow wasps
  A necrophage (D:14)
  39 orc warriors
  3 slaves (D:7)
  13 ice beasts
  2 manticore zombies
  2 hell hounds (D:14)
  5 black bears
  13 crocodiles
  8 ogres
  18 centaurs
  An orc skeleton (D:14)
  Duvessa (D:7)
  A giant frog (shapeshifter) (D:15)
  A gnoll sergeant (D:8)
  5 big kobolds
  24 giant frogs
  A cyclops zombie (D:10)
  An earth elemental (Volcano)
  8 scorpions
  A cyclops skeleton (D:10)
  6 killer bees (D:14)
  A tengu zombie (D:13)
  9 jellies
  7 electric eels
  A manticore simulacrum (D:13)
  5 crimson imps
  3 troll skeletons
  20 wights
  Dowan (D:7)
  A giant frog zombie (D:13)
  A goliath beetle (D:9)
  14 hounds
  A quasit (D:14)
  A basilisk zombie (D:15)
  A giant frog skeleton (D:10)
  A two-headed ogre zombie (D:13)
  5 iguanas
  2 lava snakes (Volcano)
  47 orc priests
  34 orc wizards
  9 worker ants
  10 orange rats (Lair:6)
  8 sheep
  A big kobold zombie (D:9)
  2 ogre skeletons
  2 mummies
  27 adders
  10 gnolls
  An inept item mimic (D:8)
  17 white imps
  72 green rats
  5 shadow imps
  A giant mite (D:8)
  An ufetubus (D:15)
  2 adder zombies
  9 giant geckos
  3 oozes
  188 orcs
  18 bats
  2 bat skeletons
  4 giant cockroaches
  21 goblins
  28 hobgoblins
  9 jackals
  28 kobolds
  A giant cockroach zombie (D:6)
  9 giant newts
  2 giant spores
  A goblin skeleton (D:3)
  A hobgoblin skeleton (D:6)
  An orc zombie (D:9)
  8 quokkas
  35 rats
  16 ballistomycetes
  2 plants
1233 creatures vanquished.

Vanquished Creatures (others)
  Josephine (D:14)
  A hill giant zombie (D:14)
  A hill giant skeleton (D:14)
  A manticore zombie (D:14)
  A manticore skeleton (D:14)
  2 centaurs
  An eye of draining (D:14)
  A troll simulacrum (D:14)
  An adder (Lair:8)
  2 green rats (Lair:8)
  4 chimeras
  3 giant spores
  A bush (Lair:8)
  21 fungi
  13 plants
54 creatures vanquished.

Grand Total: 1287 creatures vanquished

Notes
Turn   | Place    | Note
--------------------------------------------------------------
     0 | D:1      | FiftyNine, the Octopode Venom Mage, began the quest for the Orb.
     0 | D:1      | Reached XP level 1. HP: 11/11 MP: 3/3
    42 | D:1      | Reached skill level 5 in Poison Magic
   304 | D:1      | Reached XP level 2. HP: 17/17 MP: 1/4
   860 | D:1      | Reached XP level 3. HP: 21/21 MP: 1/6
   913 | D:1      | Learned a level 3 spell: Mephitic Cloud
  1437 | D:1      | Reached skill level 6 in Poison Magic
  2237 | D:2      | Found a shimmering altar of Xom.
  2237 | D:2      | Found a white marble altar of Elyvilon.
  2270 | D:2      | Reached XP level 4. HP: 23/27 MP: 4/8
  3006 | D:3      | Reached skill level 1 in Conjurations
  3182 | D:3      | Reached XP level 5. HP: 29/31 MP: 1/11
  3228 | D:3      | Noticed an ogre
  3316 | D:3      | Learned a level 2 spell: Cure Poison
  3473 | D:3      | Killed an ogre
  3548 | D:3      | Reached XP level 6. HP: 36/36 MP: 6/12
  3874 | D:3      | Found a burning altar of Makhleb.
  3874 | D:3      | Noticed a green death
  3904 | D:3      | Noticed a ynoxinul
  3904 | D:3      | Noticed a smoke demon
  4058 | D:4      | Reached skill level 5 in Stealth
  4182 | D:4      | Found a blossoming altar of Fedhas.
  4204 | D:4      | Reached XP level 7. HP: 41/41 MP: 9/14
  4577 | D:5      | Entered Level 5 of the Dungeon
  4635 | D:5      | Found a staircase to the Ecumenical Temple.
  4648 | Temple   | Entered the Ecumenical Temple
  4844 | D:5      | Noticed an iron devil
  4936 | D:5      | Reached skill level 7 in Stealth
  5200 | D:5      | Noticed an angel
  5267 | D:5      | Found an iron altar of Okawaru.
  5305 | D:5      | Reached skill level 8 in Stealth
  5653 | D:5      | Reached skill level 9 in Stealth
  5840 | D:5      | Found a sparkling altar of Nemelex Xobeh.
  5926 | D:5      | Found an opulent altar of Gozag.
  5933 | D:5      | Became a worshipper of Gozag Ym Sagoz the Greedy
  6335 | D:6      | Found a sparkling altar of Nemelex Xobeh.
  6370 | D:6      | Reached XP level 8. HP: 25/46 MP: 11/16
  6619 | D:6      | Reached skill level 10 in Stealth
  6788 | D:6      | Reached skill level 11 in Stealth
  7365 | D:7      | Found a shattered altar of Ashenzari.
  7388 | D:7      | Found a snail-covered altar of Cheibriados.
  7734 | D:7      | Noticed Pikel
  7742 | D:7      | Noticed Afay's ghost (experienced TrMo)
  7911 | D:6      | Reached skill level 5 in Dodging
  8200 | D:7      | Reached XP level 9. HP: 34/51 MP: 13/17
  8368 | D:7      | Noticed Joseph
  8384 | D:7      | Noticed Duvessa
  8385 | D:7      | Noticed Dowan
  8402 | D:7      | Killed Duvessa
  8501 | D:7      | Killed Dowan
  9138 | D:7      | Killed Pikel
  9401 | D:8      | Found an ancient bone altar of Kikubaaqudgha.
  9596 | D:8      | Found a staircase to the Lair.
 10015 | D:8      | Found an opulent altar of Gozag.
 11237 | D:9      | Reached skill level 10 in Dodging
 11285 | D:9      | Reached XP level 10. HP: 51/56 MP: 18/18
 11361 | D:9      | Reached skill level 1 in Evocations
 11407 | D:8      | Reached skill level 1 in Fighting
 11559 | D:8      | Identified a scroll of acquirement
 11560 | D:8      | Identified the Collected Works on Burning Battle Magic (You acquired it on level 8 of the Dungeon)
 11689 | D:9      | Reached skill level 5 in Conjurations
 12325 | D:10     | Entered Level 10 of the Dungeon
 12386 | D:10     | Learned a level 4 spell: Sticky Flame
 12431 | D:10     | Found a portal to a secret trove of treasure.
 12481 | D:10     | Found a flagged portal.
 12528 | Bailey   | Entered a bailey
 12531 | Bailey   | Noticed an orc knight
 12536 | Bailey   | Killed an orc knight
 12732 | Bailey   | Reached skill level 1 in Fire Magic
 13219 | D:10     | Noticed a hill giant
 14440 | D:9      | Reached XP level 11. HP: 63/63 MP: 15/20
 14530 | D:8      | Reached skill level 5 in Fire Magic
 14679 | Lair:1   | Entered Level 1 of the Lair of Beasts
 15461 | Lair:1   | Noticed Nergalle
 16138 | Lair:2   | Gained mutation: Your magical capacity is low (-10% MP). [potion of mutation]
 16138 | Lair:2   | Gained mutation: Your spells are a little easier to cast, but a little less powerful. [potion of mutation]
 16138 | Lair:2   | Gained mutation: You are weak. (Str -2) [potion of mutation]
 16592 | Lair:3   | Found a labyrinth entrance.
 16616 | Lab      | Entered a labyrinth
 16778 | Lab      | Noticed a minotaur
 16835 | Lab      | Killed a minotaur
 16850 | Lab      | Got a twitching lead amulet
 16854 | Lab      | Identified the amulet "Skuvin" {+Rage Dex+2 Int+5} (You found it in a labyrinth)
 16999 | Lair:3   | Found a staircase to the Swamp.
 18200 | Lair:1   | Learned a level 6 spell: Bolt of Fire
 18561 | Lair:4   | Noticed a seven-headed hydra
 19154 | Lair:4   | Reached skill level 10 in Fire Magic
 19305 | Lair:4   | Reached XP level 12. HP: 46/68 MP: 20/20
 19517 | Lair:4   | Reached skill level 5 in Spellcasting
 19561 | Lair:4   | Noticed a seven-headed hydra
 20248 | Lair:5   | Found a hole to the Spider Nest.
 21493 | Lair:5   | Noticed a death yak
 21582 | Lair:5   | Killed a death yak
 22056 | Lair:6   | Noticed Snorg
 22446 | Lair:6   | Reached skill level 10 in Spellcasting
 22740 | Lair:6   | HP: 3/68 [fire drake/blast of flame (16)]
 22743 | Lair:6   | Reached XP level 13. HP: 24/72 MP: 27/27
 23343 | Lair:6   | Noticed a four-headed hydra
 23372 | Lair:6   | Killed a four-headed hydra
 24596 | Lair:6   | Reached skill level 1 in Shields
 25424 | Lair:6   | Reached skill level 5 in Shields
 26925 | Lair:7   | Learned a level 3 spell: Conjure Flame
 27966 | Lair:8   | Entered Level 8 of the Lair of Beasts
 27999 | Lair:8   | Found a staircase to the Slime Pits.
 28052 | Lair:8   | Reached skill level 10 in Conjurations
 28726 | Lair:8   | Reached XP level 14. HP: 44/79 MP: 5/29
 30314 | Lair:8   | Reached skill level 5 in Fighting
 30543 | Lair:8   | Noticed Harold
 30643 | Lair:8   | Killed Harold
 32626 | D:10     | Noticed an unseen horror
 32636 | D:10     | Killed an unseen horror
 32997 | D:10     | Found a blossoming altar of Fedhas.
 33284 | D:10     | Killed a hill giant
 33927 | D:11     | Found Conec's Weapon Emporium.
 35925 | D:12     | Found Craintet's Distillery.
 35939 | D:12     | Bought a potion of agility for 37 gold pieces
 35939 | D:12     | Bought a potion of heal wounds for 45 gold pieces
 35939 | D:12     | Bought a potion of agility for 37 gold pieces
 35939 | D:12     | Bought a potion of haste for 105 gold pieces
 35971 | D:12     | Reached skill level 10 in Fighting
 36657 | D:12     | Found a staircase to the Orcish Mines.
 36821 | D:12     | Reached skill level 5 in Evocations
 37077 | D:12     | Found a glowing silver altar of Zin.
 37079 | D:12     | Noticed an angel
 37111 | D:12     | Reached XP level 15. HP: 86/103 MP: 27/30
 37700 | D:13     | Found Thruofru's Food Emporium.
 37704 | D:13     | Bought a beef jerky for 15 gold pieces
 37704 | D:13     | Bought a royal jelly for 20 gold pieces
 37704 | D:13     | Bought a beef jerky for 15 gold pieces
 37704 | D:13     | Bought a bread ration for 50 gold pieces
 37704 | D:13     | Bought a meat ration for 50 gold pieces
 37704 | D:13     | Bought a royal jelly for 20 gold pieces
 37704 | D:13     | Bought a bread ration for 50 gold pieces
 37704 | D:13     | Bought a beef jerky for 15 gold pieces
 37704 | D:13     | Bought a meat ration for 50 gold pieces
 37704 | D:13     | Bought a beef jerky for 15 gold pieces
 37704 | D:13     | Bought a bread ration for 50 gold pieces
 37704 | D:13     | Bought a meat ration for 50 gold pieces
 37799 | D:13     | Found a frozen archway.
 37907 | IceCv    | Entered an ice cave
 38843 | D:14     | Noticed Fannar
 38886 | D:14     | Noticed Josephine
 39153 | Orc:1    | Entered Level 1 of the Orcish Mines
 39402 | Orc:1    | Found a dark tunnel.
 39415 | Volcano  | Entered a volcano
 39531 | Volcano  | Found a burning altar of Makhleb.
 39577 | Volcano  | =_=
 39655 | Volcano  | HP: 3/103 [red ugly thing (18)]
 40323 | Volcano  | Got a slimy long sword
 40342 | Orc:1    | Identified the +10 long sword "Moczu Noyq" {flame, rC+} (You found it in a volcano)
 40552 | Orc:1    | Found a roughly hewn altar of Beogh.
 41216 | Orc:2    | Found a roughly hewn altar of Beogh.
 41413 | Orc:2    | Found a roughly hewn altar of Beogh.
 43443 | Orc:3    | Found a staircase to the Elven Halls.
 43719 | Orc:4    | Entered Level 4 of the Orcish Mines
 44150 | Orc:4    | Gained mutation: Your body is misshapen. [a neqoxec]
 44162 | Orc:4    | Gained mutation: Space occasionally distorts in your vicinity. [a neqoxec]
 44799 | Orc:4    | Found Jumal's Antique Weapon Boutique.
 44801 | Orc:4    | Found Ciediaq's Antique Weapon Shop.
 45227 | Orc:4    | Found Woopni's Antique Weapon Boutique.
 45449 | Orc:4    | Found Stied's Food Shop.
 45577 | Orc:4    | Bought a bread ration for 60 gold pieces
 45577 | Orc:4    | Bought a slice of pizza for 18 gold pieces
 45577 | Orc:4    | Bought a bread ration for 60 gold pieces
 45577 | Orc:4    | Bought a royal jelly for 24 gold pieces
 45577 | Orc:4    | Bought a bread ration for 60 gold pieces
 45577 | Orc:4    | Bought a beef jerky for 18 gold pieces
 45577 | Orc:4    | Bought a slice of pizza for 18 gold pieces
 45577 | Orc:4    | Bought a slice of pizza for 18 gold pieces
 45597 | Orc:4    | Found Kluumamu's Armour Shoppe.
 45669 | Orc:4    | Bought a +0 buckler of reflection for 144 gold pieces
 47157 | D:13     | Reached skill level 12 in Conjurations
 47162 | D:13     | Noticed Psyche
 47166 | D:13     | Killed Psyche
 48174 | D:13     | Upgraded the game from 0.16-a0-670-g3b10be2 to 0.16-a0-691-g21e4870
 48889 | D:14     | Noticed Azrael
 49255 | D:14     | Killed Fannar
 49369 | D:14     | Found Gheiz's Book Boutique.
 49378 | D:14     | Bought a book of Air for 560 gold pieces
 49378 | D:14     | Bought a book of Wizardry for 480 gold pieces
 49378 | D:14     | Bought a book of Battle for 640 gold pieces
 49382 | D:14     | Learned a level 2 spell: Repel Missiles
 49385 | D:14     | Learned a level 2 spell: Shroud of Golubria
 49389 | D:14     | Learned a level 3 spell: Regeneration
 49392 | D:14     | Learned a level 2 spell: Swiftness
 49399 | D:14     | Learned a level 6 spell: Haste
 49405 | D:14     | Found a gate to the Vaults.
 49463 | D:14     | Reached skill level 13 in Conjurations
 49640 | D:14     | Killed Josephine
 50763 | D:14     | Reached XP level 16. HP: 71/109 MP: 26/30
 51290 | D:14     | Got a dazzling great mace
 51296 | D:14     | Identified the +1 great mace "Teres" {crush, rElec rN+} (You found it on level 14 of the Dungeon)
 51850 | D:14     | Reached skill level 14 in Conjurations
 52026 | D:14     | Reached skill level 1 in Charms
 52791 | D:15     | Entered Level 15 of the Dungeon
 53316 | D:15     | Reached skill level 5 in Charms
 53819 | D:15     | Found Gyenk's Magic Scroll Shoppe.
 53826 | D:15     | Bought a scroll of identify for 28 gold pieces
 53826 | D:15     | Bought a scroll of identify for 28 gold pieces
 55066 | D:15     | Found a staircase to the Depths.
 55217 | D:15     | Learned a level 2 spell: Stoneskin
 55459 | Lair:1   | Identified a +4 rod of inaccuracy (11/11) (You found it in a labyrinth)
 55461 | Lair:1   | Upgraded the game from 0.16-a0-691-g21e4870 to 0.16-a0-702-gf4f471d
 55955 | Swamp:1  | Entered Level 1 of the Swamp
 56415 | Swamp:1  | Reached skill level 1 in Long Blades
 56694 | Swamp:1  | Slain by an eight-headed hydra

Action                   |  1- 3 |  4- 6 |  7- 9 | 10-12 | 13-15 | 16-18 || total
-------------------------+-------+-------+-------+-------+-------+-------++-------
Melee: Unarmed           |    17 |       |       |       |       |       ||    17
       Trident           |       |    33 |   230 |   346 |   931 |       ||  1540
       Long sword        |       |       |       |       |   453 |   280 ||   733
       Staff             |       |       |       |       |       |     3 ||     3
 Fire: Hunting sling     |    21 |    16 |    16 |       |       |       ||    53
       Blowgun           |       |       |       |   106 |   147 |    15 ||   268
Throw: Stone             |       |       |     6 |    20 |    20 |    34 ||    80
       Javelin           |       |       |    15 |    12 |    29 |       ||    56
       Tomahawk          |       |       |     2 |       |       |       ||     2
       Throwing net      |       |       |       |       |     3 |       ||     3
 Cast: Sting             |    72 |    81 |   258 |   234 |   150 |    16 ||   811
       Mephitic Cloud    |       |     3 |    13 |    25 |     6 |       ||    47
       Sticky Flame      |       |       |       |    96 |   314 |    84 ||   494
       Bolt of Fire      |       |       |       |       |    52 |    11 ||    63
       Conjure Flame     |       |       |       |       |    48 |    24 ||    72
       Cure Poison       |       |       |       |       |     2 |     2 ||     4
       Regeneration      |       |       |       |       |     1 |    10 ||    11
       Shroud of Golubri |       |       |       |       |     1 |    10 ||    11
       Stoneskin         |       |       |       |       |       |     2 ||     2
       Repel Missiles    |       |       |       |       |       |     1 ||     1
       Swiftness         |       |       |       |       |       |     1 ||     1
Invok: Call Merchant     |       |       |       |     1 |     3 |     1 ||     5
       Potion Petition   |       |       |       |     3 |     1 |     1 ||     5
Evoke: Wand              |       |       |     2 |     9 |    14 |     3 ||    28
       Box of beasts     |       |       |       |     8 |       |       ||     8
       Stone of tremors  |       |       |       |       |     1 |       ||     1
  Use: Scroll            |       |     7 |    12 |    18 |     9 |     1 ||    47
       Potion            |       |       |       |     5 |    14 |     2 ||    21
 Stab: Sleeping          |     1 |       |    15 |    27 |    82 |    12 ||   137
       Confused          |       |     1 |     3 |     6 |     1 |       ||    11
       Paralysed         |       |       |     6 |     5 |     2 |       ||    13
       Distracted        |       |       |       |     4 |    19 |     4 ||    27
       Held in net/web   |       |       |       |       |     2 |       ||     2
  Eat: Chunk             |     4 |     7 |     4 |       |       |       ||    15
       Bread ration      |       |       |     4 |       |     9 |     3 ||    16
       Beef jerky        |       |       |     1 |     4 |     7 |       ||    12
       Fruit             |       |       |     4 |    22 |    19 |       ||    45
       Meat ration       |       |       |       |     3 |     5 |     3 ||    11
       Royal jelly       |       |       |       |     1 |     3 |       ||     4
       Pizza             |       |       |       |       |     6 |       ||     6
